 Dungeon Sprint DCSS version 0.26-a0-683-g5206c1d7ac (webtiles) character file.

Game seed: 14760609297054604755

138 jfcaron the Poker (level 5, -2/76 HPs)
             Began as a Minotaur Gladiator on Oct 23, 2020.
             Slain by a phantom (6 damage)
             ... in the Dungeon (Sprint IX: "|||||||||||||||||||||||||||||").
             The game lasted 00:00:49 (42 turns).

jfcaron the Poker (Minotaur Gladiator)                Turns: 42, Time: 00:00:50

Health: -2/76      AC:  3    Str: 20    XL:     5   Next: 1%
Magic:  4/4        EV: 14    Int:  5    God:
Gold:   0          SH:  0    Dex: 11    Spells: 4/4 levels left

rFire    . . .     SeeInvis .   a - +0 trident
rCold    . . .     Faith    .   (no shield)
rNeg     . . .     Spirit   .   b - +0 leather armour
rPois    .         Reflect  .   c - +0 hat
rElec    .         Harm     .   (no cloak)
rCorr    .         Rampage  .   (no gloves)
MR       .....     NoTele   +   (no boots)
Stlth    ..........             (no amulet)
HPRegen  0.22/turn              (no ring)
MPRegen  0.09/turn              (no ring)

@: berserking (expiring), very quick
A: retaliatory headbutt, horns 2
a: no special abilities


You were in the Dungeon.
You visited 1 branch

Inventory:

Hand Weapons
 a - a +0 trident (weapon)
Missiles
 d - 3 throwing nets (quivered) {!f}
Armour
 b - a +0 leather armour (worn)
 c - a +0 hat (worn)
Scrolls
 j - a scroll of blinking
Potions
 e - a potion of curing
 g - a potion of haste
 h - 2 potions of magic


   Skills:
 + Level 6.4 Fighting
 + Level 7.0 Polearms
 + Level 5.3 Throwing
 + Level 6.3 Dodging


You had 4 spell levels left.
You didn't know any spells.
Your spell library was empty.

Dungeon Overview and Level Annotations

Branches:
Dungeon (1/1)

Altars:


Innate Abilities, Weirdness & Mutations

You reflexively headbutt those who attack you in melee.
You have a pair of horns on your head.


Message History

You closely miss the scorpion. You headbutt the scorpion!
The scorpion is heavily wounded.
The scorpion completely misses you.
You barely miss the scorpion.
The scorpion is heavily wounded.
The phantom blinks!
You puncture the scorpion!
You kill the scorpion!
Your Fighting skill increases to level 6!
Your Polearms skill increases to level 7!
Your Throwing skill increases to level 5!
Your Dodging skill increases to level 6!
You have reached level 5!
You barely miss the phantom. Your headbutt misses the phantom.
The phantom hits you!
* * * LOW HITPOINT WARNING * * *
Unknown command.
You miss the phantom. You completely miss the phantom. The phantom hits you.
You die... ▓▓▓▓▓▓▓▓▓▓▓▓▓▓▓▓▓▓ ▓<...)...W@††....+ ▓▓▓▓▓▓▓▓▓▓▓▓▓▓▓▓▓▓

You could see a phantom.

Vanquished Creatures
  A sky beast (D)
  A scorpion (D)
  A giant cockroach (D)
  A goblin (D)
  A ball python (D)
  A bat (D)
  A frilled lizard (D)
  2 rats (D)
9 creatures vanquished.

Notes
Turn   | Place    | Note
-------+----------+-------------------------------------------
     0 | D        | jfcaron the Minotaur Gladiator began the quest for the Orb.
     0 | D        | Reached XP level 1. HP: 18/18 MP: 0/0
    10 | D        | Reached skill level 4 in Polearms
    20 | D        | Noticed a sky beast
    20 | D        | Noticed a scorpion
    20 | D        | Noticed a phantom
    24 | D        | HP: 3/19 [sky beast (6)]
    29 | D        | HP: 3/28 [something (5)]
    32 | D        | Killed a sky beast
    32 | D        | Reached skill level 5 in Fighting
    32 | D        | Reached skill level 6 in Polearms
    32 | D        | Reached skill level 5 in Dodging
    32 | D        | Reached XP level 2. HP: 6/29 MP: 1/1
    32 | D        | Reached XP level 3. HP: 7/36 MP: 2/2
    32 | D        | Reached XP level 4. HP: 9/42 MP: 3/3
    39 | D        | Reached skill level 7 in Polearms
    39 | D        | Reached skill level 5 in Throwing
    39 | D        | Reached XP level 5. HP: 12/51 MP: 4/4
    40 | D        | HP: 4/76 [phantom (8)]
    42 | D        | Slain by a phantom

Illustrated notes

Levels and vault maps discovered:
D:        linesprint [early_d, line_temple, items_1, d_10, items_2, lair_1,
          lair_end, items_3, orc_1, orc_end, items_4, d_15, swamp_1, shoals_1,
          snake_1, spider_1, d_20, vaults_1, items_5, swamp_end, shoals_end,
          snake_end, spider_end, vaults_end, d_27, items_6, zot_1, zot_end,
          crypt_end, forest_end, elf_end, slime_end, tomb_end, abyss_end,
          pan_hell_end]

Skill      XL: |  1  2  3  4 |
---------------+-------------+-----
Polearms       | 6 7 |  7.0
Fighting       | 5 6 |  6.4
Throwing       | 4 5 |  5.3
Dodging        | 5 6 |  6.3

Action                   |  1- 3 |  4- 6 || total
-------------------------+-------+-------++-------
Melee: Trident           |    20 |    10 ||    30
       Headbutt          |     3 |     1 ||     4
  Use: Potion            |     2 |       ||     2
Armor: Leather armour    |     4 |       ||     4
Dodge: Dodged            |    10 |     1 ||    11

Table legend: (Time is in decaauts)
 A = Elapsed time spent in this place.
 B = Non-inter-level travel time spent in this place.
 C = Inter-level travel time spent in this place.
 D = Time resting spent in this place.
 E = Time spent auto-exploring this place.
 F = Levels seen in this place.
 G = Mean time per level.
                   A        B        C        D        E       F      G
               +--------+--------+--------+--------+--------+-----+--------+
         Total |     38 |     38 |      0 |      0 |      0 |   1 |   38.0 |
       Dungeon |     38 |     38 |      0 |      0 |      0 |   1 |   38.0 |
               +--------+--------+--------+--------+--------+-----+--------+

Top non-repeatable levels by time:
       D: 38 daAuts
